 Dungeon Crawl Stone Soup version 0.28.0-45-g0d030f2227 (webtiles) character file.

Game seed: 7032914141345099594

11468 CuBeRJAN3 the Grappler (level 11, -2/111 HPs)
             Began as a Troll Monk on Apr 1, 2022.
             Was a High Priest of Zin.
             Slain by a 12-headed hydra (11 damage)
             ... on level 1 of the Lair of Beasts.
             The game lasted 00:32:10 (10180 turns).

CuBeRJAN3 the Grappler (Troll Monk)                Turns: 10180, Time: 00:32:11

Health: -2/111     AC: 11    Str: 29    XL:     11   Next: 49%
Magic:  9/10       EV: 18    Int:  7    God:    Zin [*****.]
Gold:   86         SH:  5    Dex: 17    Spells: 10/10 levels left

rFire   + . .      SeeInvis .     - Unarmed
rCold   . . .      Faith    .   (no shield)
rNeg    . . .      Spirit   .   a - +0 robe
rPois   ∞          Reflect  +   w - +1 hat
rElec   +          Harm     .   v - +1 cloak of Beetulu {rF+ Str+7}
rCorr   .          Rampage  .   (gloves unavailable)
Will    .....                   (boots unavailable)
Stlth   +++.......              E - amulet of reflection
HPRegen 1.08/turn               t - ring of Mamuz {rElec AC+4}
MPRegen 0.12/turn               z - +4 ring of evasion

@: vitalised, studying Armour
A: large, unfitting armour, claws 3, regeneration 1, shaggy fur 1, tough skin 1
a: Renounce Religion, Recite, Vitalisation, Imprison, Sanctuary, Donate Gold


You were on level 1 of the Lair of Beasts.
You worshipped Zin.
Zin was extremely pleased with you.
You visited 3 branches of the dungeon, and saw 13 of its levels.

You collected 599 gold pieces.
You spent 263 gold pieces at shops.
You donated 250 gold pieces to Zin.

Inventory:

Missiles
 q - 4 boomerangs (quivered)
Armour
 a - a +0 robe (worn)
 v - the +1 cloak of Beetulu (worn) {rF+ Str+7}
   (You acquired it on level 5 of the Dungeon)

   Str:       It affects your strength (+7).
   rF:        It protects you from fire.
 w - a +1 hat (worn)
Jewellery
 p - a ring of poison resistance
 r - a ring of flight
 t - the ring of Mamuz (left claw) {rElec AC+4}
   (You found it on level 4 of the Dungeon)

   [ring of protection]

   AC:        It affects your AC (+4).
   rElec:     It insulates you from electricity.
 z - a +4 ring of evasion (right claw)
 E - an amulet of reflection (around neck)
 G - a ring of magical power
 I - a ring of protection from fire
Wands
 m - a wand of acid (3)
 y - a wand of flame (26)
 B - a wand of paralysis (4)
Scrolls
 e - 3 scrolls of teleportation
 g - a scroll of magic mapping
 i - a scroll of blinking {unknown}
 j - a scroll of acquirement
 k - 2 scrolls of brand weapon
 l - 3 scrolls of vulnerability
 n - 2 scrolls of enchant armour
 o - a scroll of immolation {unknown}
 C - 3 scrolls of fog
 D - a scroll of amnesia
 J - a scroll of enchant weapon {unknown}
 L - 2 scrolls of identify
Potions
 b - 4 potions of heal wounds
 c - a potion of magic
 d - 2 potions of berserk rage
 f - 4 potions of curing
 h - 2 potions of resistance {unknown}
 s - 2 potions of brilliance
 u - 4 potions of flight
 x - a potion of haste
 A - 3 potions of degeneration
 F - a potion of mutation {unknown}
 H - 2 potions of might {unknown}
 K - 2 potions of cancellation {unknown}


   Skills:
 + Level 8.0 Fighting
 + Level 8.0 Dodging
 + Level 5.8 Stealth
 + Level 9.6 Unarmed Combat
 + Level 2.6 Evocations


You had 10 spell levels left.
You didn't know any spells.
Your spell library contained the following spells:

 Spells                   Type           Power      Damage    Failure   Level
 Ensorcelled Hibernation  Hex/Ice        0%         N/A       56%         2
 Passwall                 Tmut/Erth      0%         N/A       56%         2
 Swiftness                Air            0%         N/A       80%         3


Dungeon Overview and Level Annotations

Branches:
Dungeon (10/15)            Temple (1/1) D:5            Lair (2/6) D:10
    Orc (0/2) D:9
  Swamp: Lair:2-4    Shoals: Lair:2-4     Snake: Lair:2-4    Spider: Lair:2-4

Altars:
Ashenzari
Cheibriados
Dithmenos
Elyvilon
Fedhas
Gozag
Hepliaklqana
Kikubaaqudgha
Makhleb
Nemelex Xobeh
Okawaru
Qazlal
Ru
Sif Muna
Trog
Uskayaw
Vehumet
Wu Jian
Xom
Yredelemnul
Zin
The Shining One

Shops:
D:2 !   D:5 *   D:6 !*:(   D:10 [

Annotations:
D:4 Duvessa
D:6 3 runed translucent doors, exclusion: 3 doors, ciphuk's ghost, novice GnVM
D:7 exclusion: two-headed ogre


Innate Abilities, Weirdness & Mutations

You are too large for most types of armour.
You have claws for hands.
Your natural rate of healing is unusually fast.
You are covered in fur. (AC +1)
You have tough skin. (AC +1)


Message History

You claw one of the nine-headed hydra's heads off!
The eight-headed hydra grows two more!
You mangle the ten-headed hydra!!
You claw the ten-headed hydra, but do no damage.
The ten-headed hydra is severely wounded.
The ten-headed hydra barely misses you. The ten-headed hydra bites you.
The ten-headed hydra barely misses you. The ten-headed hydra bites you!
* * * LOW HITPOINT WARNING * * *
The ten-headed hydra bites you but does no damage.
The ten-headed hydra closely misses you.
You block the ten-headed hydra's attack.
The ten-headed hydra closely misses you.
The ten-headed hydra bites you!
* * * LOW HITPOINT WARNING * * *
The ten-headed hydra bites you but does no damage.
The water moccasin bites you but does no damage.
You tear one of the ten-headed hydra's heads off!
The nine-headed hydra grows two more!
You claw the 11-headed hydra!
The 11-headed hydra is almost dead.
The water moccasin bites you but does no damage.
The 11-headed hydra bites you!
* * * LOW HITPOINT WARNING * * *
The 11-headed hydra closely misses you.
The 11-headed hydra completely misses you.
The 11-headed hydra bites you.
* * * LOW HITPOINT WARNING * * *
You block the 11-headed hydra's attack.
The 11-headed hydra bites you but does no damage. x2
The 11-headed hydra completely misses you.
The 11-headed hydra closely misses you.
The 11-headed hydra bites you but does no damage.
The 11-headed hydra closely misses you.
You claw one of the 11-headed hydra's heads off!
The ten-headed hydra grows two more!
You claw the 12-headed hydra!
The 12-headed hydra is almost dead.
The water moccasin misses you.
The 12-headed hydra bites you but does no damage.
The 12-headed hydra bites you.
* * * LOW HITPOINT WARNING * * *
The 12-headed hydra bites you!
You die...

.###.##.##...........
......#.##...........
F.......###.......#..#
#.####..# ##....###..#
######.>####.#### #..##
#.......##P.# #...######.
##..#######..## #..........
...####.####..#####Y.........
.....>.[......##@#.#........[
..............FS.DS..#######.
...............#.#####
#####.##.#.#.##### ##########


You could see a 12-headed hydra, a blink frog and 2 water moccasins.

Vanquished Creatures
  2 two-headed ogres (D:8)
  A cyclops (D:10)
  A black mamba (Lair:1)
  A komodo dragon (Lair:1)
  3 blink frogs (Lair:1)
  2 shadows (D:8)
  A wraith (D:10)
  3 wyverns
  A vampire (D:7)
  21 yaks
  A basilisk (D:10)
  2 two-headed ogre zombies (D:9)
  4 water moccasins
  2 orc warriors
  3 sky beasts (D:6)
  A black bear (D:10)
  An ice beast (D:8)
  6 wolves (D:10)
  A centaur (D:10)
  3 kobold brigands
  A gnoll sergeant (D:10)
  4 bullfrogs
  A scorpion (D:6)
  A water moccasin skeleton (D:6)
  A water moccasin zombie (D:6)
  2 troll zombies (D:9)
  10 killer bees
  8 wights
  2 howler monkeys (D:9)
  3 centaur zombies
  A bullfrog zombie (D:4)
  2 bullfrog skeletons (D:5)
  3 hounds (D:5)
  A gnoll shaman (D:4)
  2 orc priests
  A centaur skeleton (D:5)
  4 orc wizards
  4 ogre zombies (D:9)
  A howler monkey zombie (D:8)
  14 gnolls
  5 adders
  A howler monkey skeleton (D:4)
  A shadow imp (D:5)
  An ufetubus (D:5)
  An adder skeleton (D:4)
  2 worms
  4 dart slugs
  13 orcs
  4 ball pythons
  5 endoplasms
  A giant cockroach (D:3)
  12 goblins
  6 hobgoblins
  4 jackals (D:3)
  6 quokkas
  3 bats
  2 frilled lizards
  9 goblin zombies (D:9)
  A hobgoblin zombie (D:9)
  19 kobolds
  5 orc skeletons (D:9)
  10 orc zombies (D:9)
  2 rats
243 creatures vanquished.

Vanquished Creatures (others)
  6 fungi
  3 plants (Lair:1)
9 creatures vanquished.

Grand Total: 252 creatures vanquished

Notes
Turn   | Place    | Note
-------+----------+-------------------------------------------
     0 | D:1      | CuBeRJAN3 the Troll Monk began the quest for the Orb.
     0 | D:1      | Reached XP level 1. HP: 22/22 MP: 0/0
   124 | D:1      | Reached XP level 2. HP: 29/29 MP: 1/1
   313 | D:1      | Found a faded altar of an unknown god.
   789 | D:1      | Reached XP level 3. HP: 36/36 MP: 2/2
  1256 | D:2      | Found Kowuiteo's Distillery.
  1260 | D:2      | Bought a potion of curing for 39 gold pieces
  1809 | D:3      | Reached XP level 4. HP: 44/44 MP: 3/3
  2523 | D:4      | Found a shimmering blue altar of Sif Muna.
  2526 | D:4      | Found a snail-covered altar of Cheibriados.
  2663 | D:4      | You fall into a shaft and drop 1 floor!
  2663 | D:5      | Entered Level 5 of the Dungeon
  2690 | D:5      | Reached XP level 5. HP: 40/53 MP: 4/4
  2692 | D:5      | Reached skill level 4 in Unarmed Combat
  2713 | D:5      | Found a staircase to the Ecumenical Temple.
  2728 | Temple   | Entered the Ecumenical Temple
  2756 | Temple   | Became a worshipper of Zin the Law-Giver
  2756 | Temple   | Reached * piety under Zin
  2756 | Temple   | Reached ** piety under Zin
  2798 | D:5      | Found Dosag's Elemental Accessories.
  2988 | D:4      | Reached XP level 6. HP: 58/61 MP: 5/5
  3000 | D:4      | Found a white marble altar of Elyvilon.
  3030 | D:4      | Identified the ring of Mamuz {rElec AC+4}
  3173 | D:4      | Noticed Duvessa
  3391 | D:5      | Reached *** piety under Zin
  3749 | D:5      | Identified 3 scrolls of acquirement
  3749 | D:5      | Acquired the +1 cloak of Beetulu {rF+ Str+7}
  3756 | D:5      | Acquired a +1 hat
  3851 | D:6      | Found a runed translucent gate.
  3851 | D:6      | Noticed a deep elf pyromancer
  3852 | D:6      | Found a runed translucent gate.
  3852 | D:6      | Found a runed translucent gate.
  3853 | D:6      | Noticed a troll
  3854 | D:6      | Noticed ciphuk's ghost (novice GnVM)
  3858 | D:6      | Noticed a steam dragon
  3875 | D:6      | Found Wiewaete's Distillery.
  3880 | D:6      | Bought a potion of haste for 140 gold pieces
  3904 | D:6      | Donated 21 gold pieces to Zin
  3951 | D:6      | Found Wauful's General Store.
  3964 | D:6      | Reached XP level 7. HP: 67/68 MP: 6/6
  4051 | D:6      | Found Guostrir's Book Boutique.
  4091 | D:6      | Reached skill level 5 in Unarmed Combat
  4481 | D:6      | Found Rana Ruc's Firing Range.
  4549 | D:6      | Reached XP level 8. HP: 76/79 MP: 7/7
  5175 | D:7      | Reached skill level 5 in Fighting
  5175 | D:7      | Reached skill level 5 in Dodging
  5175 | D:7      | Reached skill level 6 in Unarmed Combat
  5552 | D:7      | Noticed a two-headed ogre
  6211 | D:8      | Noticed a two-headed ogre
  6315 | D:8      | Noticed a two-headed ogre
  6345 | D:8      | Killed a two-headed ogre
  6346 | D:8      | Reached XP level 9. HP: 79/89 MP: 8/8
  6390 | D:8      | Donated 60 gold pieces to Zin
  6397 | D:8      | Killed a two-headed ogre
  6398 | D:8      | Reached skill level 7 in Unarmed Combat
  6593 | D:8      | Reached **** piety under Zin
  7079 | D:8      | Reached XP level 10. HP: 66/100 MP: 9/9
  7485 | D:6      | Bought 3 scrolls of identify for 84 gold pieces
  7687 | D:8      | Reached skill level 8 in Unarmed Combat
  7761 | D:9      | Found a staircase to the Orcish Mines.
  8017 | D:9      | Reached skill level 5 in Stealth
  8194 | D:9      | Reached ***** piety under Zin
  8301 | D:9      | Donated 32 gold pieces to Zin
  8687 | D:10     | Entered Level 10 of the Dungeon
  8738 | D:10     | Reached skill level 9 in Unarmed Combat
  8820 | D:10     | Found a radiant altar of Vehumet.
  8886 | D:10     | Found Xestapp's Armour Boutique.
  8975 | D:10     | Reached skill level 1 in Evocations
  9063 | D:10     | Found a staircase to the Lair.
  9152 | D:10     | Reached XP level 11. HP: 100/109 MP: 10/10
  9311 | D:10     | Donated 81 gold pieces to Zin
  9503 | Lair:1   | Entered Level 1 of the Lair of Beasts
  9767 | Lair:1   | Noticed a five-headed hydra
 10122 | Lair:2   | Noticed a five-headed hydra
 10180 | Lair:1   | Slain by a 12-headed hydra

Illustrated notes

Levels and vault maps discovered:
D:1:      ebering_trefoil_twist, layout_loops_ring,
          hellmonk_ecumenical_altar_prayer_group, chequers_decorated_corner,
          bh_walls_and_bars
D:2:      layout_basic, serial_shops, shop
D:3:      layout_loops_ring, kennysheep_path_1
D:4:      layout_cave_pods, elyvilon_altar_3, nicolae_overflow_hidden_temple,
          uniq_duvessa
D:5:      layout_rooms, minmay_temple_entry_proselytizer,
          hangedman_decor_diamond_cutter, chequers_hall_statues_y,
          hangedman_abyss_or_decor_slice, nicolae_elemental_shop
D:6:      layout_layer_cave, serial_shops, nicolae_diamond_shop,
          nicolae_shop_crystal, nicolae_shop_hallway_plus,
          gammafunk_ghost_split, nicolae_shop_firing_range
D:7:      layout_cave_pods
D:8:      layout_basic, hangedman_decor_peaks_small
D:9:      layout_long_grid, zombieorc2_lemuel
D:10:     layout_roguey, overflow_temple_1_default, david_lair_generic,
          serial_shops, nicolae_shop_stone, corner_web_ring
Temple:   nicolae_temple_no_exploring_needed
Lair:1:   layout_gridlike, uniq_harold, uniq_urug
Lair:2:   layout_gridlike, ebering_ghost_funeral_grove, special_room
          [special_room_bee], minivault_26, serial_bayou_crossing,
          grunt_megastairs_3, infiniplex_staircase_pool, serial_bayou_shore_a

Skill      XL: |  1  2  3  4  5  6  7  8  9 10 11 |
---------------+----------------------------------+-----
Fighting       | 3 4 5 6 7 8 |  8.0
Dodging        | 3 4 5 6 7 8 |  8.0
Unarmed Combat | 4 5 6 7 9 |  9.6
Stealth        | 2 3 4 5 |  5.8
Evocations     | 1 2 |  2.6

Action                   |  1- 3 |  4- 6 |  7- 9 | 10-12 || total
-------------------------+-------+-------+-------+-------++-------
Melee: Unarmed           |    87 |   138 |   229 |   341 ||   795
       Punch             |       |     3 |    12 |    23 ||    38
Invok: Donate Gold       |       |     1 |     1 |     2 ||     4
       Vitalisation      |       |       |       |     1 ||     1
  Use: Scroll            |       |     3 |     4 |     8 ||    15
 Stab: Sleeping          |     3 |     2 |     1 |     3 ||     9
       Distracted        |       |       |       |     1 ||     1
Armor: Robe              |    24 |    28 |    74 |    99 ||   225
Dodge: Dodged            |    34 |    71 |   221 |   255 ||   581
Block: Other             |       |       |    16 |    82 ||    98
       Reflection        |       |       |     1 |     1 ||     2
